 Dungeon Crawl Stone Soup version 0.31-a0-977-gc230f8ef24 (webtiles) character file.

Game seed: 7486529600008509660

81 Arzdou the Chiller (level 4, -2/36 HPs)
             Began as a Deep Elf Ice Elementalist on Oct 29, 2023.
             Succumbed to Sigmund's poison
             ... on level 3 of the Dungeon.
             The game lasted 00:04:00 (1852 turns).

Arzdou the Chiller (Deep Elf Ice Elementalist)      Turns: 1852, Time: 00:04:01

Health: -2/36      AC: 22    Str:  4 (5)  XL:     4   Next: 20%
Magic:  12/12      EV:  2    Int: 19 (22) God:
Gold:   9          SH:  0    Dex: 13 (15) Spells: 5/12 levels left

rFire   . . .        (no weapon)
rCold   . . .        (no shield)
rNeg    . . .        a - melded +0 robe
rPois   +            (helmet currently unavailable)
rElec   .            (cloak currently unavailable)
rCorr   .            i - melded +0 pair of gloves
SInv    .            (boots currently unavailable)
Will    .....        d - amulet of magic regeneration
Stlth   ++           (no ring)
HPRegen 0.26/turn    (no ring)
MPRegen 0.53/turn

%: no passive effects
@: lethally poisoned (-2 -> -15), tree-form (expiring), weak-willed
A: stationary, stasis, torment immunity, boosted hp
a: no special abilities


You were on level 3 of the Dungeon.
You were a tree.
You visited 1 branch of the dungeon, and saw 3 of its levels.

You collected 9 gold pieces.

Inventory:

Armour
 a - a +0 robe (melded)
 i - a +0 pair of gloves (melded)
Jewellery
 d - an amulet of magic regeneration (around neck)
 j - a +6 ring of intelligence
Scrolls
 c - 4 scrolls of identify {unknown}
Potions
 b - a potion of magic
 h - 2 potions of lignification


   Skills:
 - Level 2.9 Dodging
 - Level 3.0 Stealth
 + Level 4.5 Spellcasting
 + Level 5.2 Ice Magic


You had 5 spell levels left.
You knew the following spells:

 Your Spells              Type           Power      Damage    Failure   Level
a - Freeze                Ice            96%        1d10      1%          1
b - Frozen Ramparts       Ice            48%        1d8       4%          3
c - Ozocubu's Armour      Ice            24%        N/A       4%          3

Your spell library contained the following spells:

 Spells                   Type           Power      Damage    Failure   Level
 Summon Ice Beast         Ice/Summ       14%        N/A       41%         4


Dungeon Overview and Level Annotations

Branches:
Dungeon (3/15)

Altars:

Shops:
D:2 [

Annotations:
D:3 1 runed translucent door, Crazy Yiuf, Sigmund


Message History

Something hits you but does no damage.
It was a potion of curing.
You feel better.
You cannot move.
You cannot move.
There is a strange disturbance nearby!
Something hits you! Something hits you but does no damage.
Something hits you but does no damage. Something hits you but does no damage.
Something hits you but does no damage. Something hits you but does no damage.
Something hits you but does no damage. Something hits you but does no damage.
A magic dart appears from out of thin air!
The magic dart hits you but does no damage.
Something hits you but does no damage.
You are poisoned.
You feel sick.
You hear some strange, mumbled words.
A puff of flame appears from out of thin air!
The puff of flame hits you but does no damage.
You feel sick. Something hits you.
You are more poisoned.
You feel very sick.
Your transformation is almost over.
You feel very sick. Something completely misses you.
You feel sick.
You hear some strange, mumbled words.
A puff of flame appears from out of thin air!
The puff of flame hits you.
* * * LOW HITPOINT WARNING * * *
You feel sick. Something hits you.
* * * LOW HITPOINT WARNING * * *
You are more poisoned.
Okay, then.
There is a lethal amount of poison in your body!
* * * LOW HITPOINT WARNING * * *
You feel very sick.
You die...

........##
........###
##.........
#........# #......#
♣♣♣♣♣###..)...# ##
♣♣♣.♣...####{#
...#♣..♣......##.#
g..+.♣♣♣♣......#♣#
)..#♣♣ ♣♣..#....#
## ♣♣#####.####
#.##.#
####.#.#.##########
#.....###.........#
###...(#.########.#
#......## #####.###
#.# ##...###
##........


There were no monsters in sight!

Vanquished Creatures
  2 adders (D:2)
  3 dart slugs
  4 ball pythons
  2 giant cockroaches (D:1)
  7 goblins
  5 hobgoblins
  6 jackals (D:2)
  7 kobolds
  2 quokkas
  7 bats
  4 frilled lizards
  5 rats
54 creatures vanquished.

Notes
Turn   | Place    | Note
-------+----------+-------------------------------------------
     0 | D:1      | Arzdou the Deep Elf Ice Elementalist began the quest for
                  | the Orb.
     0 | D:1      | Reached XP level 1. HP: 10/10 MP: 6/6
   240 | D:1      | Reached XP level 2. HP: 14/15 MP: 6/8
   755 | D:2      | Reached XP level 3. HP: 19/19 MP: 7/10
   759 | D:2      | Learned a level 3 spell: Frozen Ramparts
   763 | D:2      | Learned a level 3 spell: Ozocubu's Armour
   909 | D:2      | Found Zokluv's Armour Emporium.
  1021 | D:2      | Reached skill level 5 in Ice Magic
  1114 | D:2      | Reached XP level 4. HP: 23/24 MP: 9/12
  1495 | D:3      | Noticed an ice beast
  1730 | D:3      | Noticed a phantom
  1799 | D:3      | Found a runed translucent door.
  1800 | D:3      | Noticed Crazy Yiuf
  1815 | D:3      | Noticed Sigmund
  1851 | D:3      | HP: 1/36 [poisoned by Sigmund]
  1852 | D:3      | Succumbed to Sigmund's poison

Illustrated notes

Levels and vault maps discovered:
D:1:      lemuel_arrival_tunnels, layout_basic
D:2:      layout_loops_ring, serial_shops, nicolae_square_shop
D:3:      layout_loops_corners, shapermc_ecumenical_altar_petra,
          kennysheep_generic_room_8, uniq_sigmund, uniq_crazy_yiuf_cottage

Skill      XL: |  1  2  3 |
---------------+----------+-----
Stealth        | 3 |  3.0
Spellcasting   | 4 |  4.5
Ice Magic      | 5 |  5.2
Dodging        | |  2.9

Action                     |  1- 3 |  4- 6 || total
---------------------------+-------+-------++-------
  Melee: Unarmed           |     7 |     1 ||     8
   Cast: Freeze            |    65 |    12 ||    77
         Ozocubu's Armour  |       |     1 ||     1
         Frozen Ramparts   |       |     1 ||     1
    Use: Potion            |       |     4 ||     4
         Scroll            |       |     2 ||     2
   Stab: Sleeping          |     1 |       ||     1
 Armour: Robe              |    20 |    14 ||    34
         Skin              |       |    18 ||    18
  Dodge: Dodged            |    30 |     8 ||    38

Table legend: (Time is in decaauts)
 A = Elapsed time spent in this place.
 B = Non-inter-level travel time spent in this place.
 C = Inter-level travel time spent in this place.
 D = Time resting spent in this place.
 E = Time spent auto-exploring this place.
 F = Levels seen in this place.
 G = Mean time per level.
                   A        B        C        D        E       F      G
               +--------+--------+--------+--------+--------+-----+--------+
         Total |   1851 |   1789 |     62 |      0 |   1389 |   3 |  617.0 |
       Dungeon |   1851 |   1789 |     62 |      0 |   1389 |   3 |  617.0 |
               +--------+--------+--------+--------+--------+-----+--------+

Top non-repeatable levels by time:
     D:2: 763 daAuts
     D:1: 681 daAuts
     D:3: 406 daAuts
